 Dungeon Crawl Stone Soup version 0.31-a0-236-g9a0961fb85 (webtiles) character file.

Game seed: 12925238900542988324

1091 qw the Skirmisher (level 8, -1/68 HPs)
             Began as a Minotaur Hexslinger on July 10, 2023.
             Slain by Duvessa
             ... wielding a +0 short sword
              (6 damage)
             ... on level 5 of the Dungeon.
             The game lasted 00:01:22 (3215 turns).

qw the Skirmisher (Minotaur Hexslinger)             Turns: 3215, Time: 00:01:23

Health: -1/68      AC:  6    Str: 13    XL:     8   Next: 9%
Magic:  8/8        EV: 11    Int: 10    God:
Gold:   145        SH:  0    Dex: 15    Spells: 8/9 levels left

rFire   + . .        a - +0 arbalest (flame)
rCold   + + .        (shield currently unavailable)
rNeg    . . .        c - +0 ring mail
rPois   .            (helmet restricted)
rElec   .            j - scarf {rC+ rF+}
rCorr   .            e - +0 pair of gloves
SInv    .            (no boots)
Will    .....        (no amulet)
Stlth   +            g - ring of protection from cold
HPRegen 0.31/turn    (no ring)
MPRegen 0.11/turn

%: no passive effects
@: about to teleport
A: horns 2, retaliatory headbutt
a: no special abilities


You were on level 5 of the Dungeon.
You visited 1 branch of the dungeon, and saw 5 of its levels.

You collected 189 gold pieces.
You spent 44 gold pieces at shops.


Innate Abilities, Weirdness & Mutations

You have a pair of horns on your head.
You reflexively headbutt those who attack you in melee.


   Skills:
 - Level 5.1 Fighting
 - Level 9.1 Ranged Weapons
 - Level 2.9 Armour
 + Level 2.1 Dodging
 - Level 1.0 Spellcasting
 - Level 2.0 Hexes


You had 8 spell levels left.
You knew the following spells:

 Your Spells              Type           Power      Damage    Failure   Level
a - Slow                  Hex            16%        N/A       30%         1

Your spell library contained the following spells:

 Spells                   Type           Power      Damage    Failure   Level
 Inner Flame              Hex/Fire       2%         N/A       80%         3
 Portal Projectile        Hex/Tloc       4%         N/A       80%         3
 Cause Fear               Hex            2%         N/A       97%         4

Inventory:

Hand Weapons
 a - a +0 arbalest of flaming (weapon)
Armour
 c - a +0 ring mail (worn)
 e - a +0 pair of gloves (worn)
 j - a scarf of resistance (worn)
Jewellery
 g - a ring of protection from cold (left hand)
Scrolls
 h - 4 scrolls of teleportation
 l - a scroll of identify
 m - a scroll of fog {unknown}
Potions
 b - a potion of haste
 d - a potion of invisibility {unknown}
 f - a potion of brilliance {unknown}
 i - a potion of cancellation {unknown}
 k - a potion of mutation {unknown}

Dungeon Overview and Level Annotations

Branches:
Dungeon (5/15)
 Temple: D:4-7

Altars:
Hepliaklqana

Shops:
D:3 [

Annotations:
D:5 Duvessa


Message History

The bolt hits Dowan!
The bolt burns Dowan.
Dowan is heavily wounded.
You shoot a bolt. The bolt closely misses Dowan.
Dowan barely misses you.
You shoot a bolt. The bolt closely misses Dowan.
The bolt barely misses the hound.
Duvessa shouts!
Dowan mumbles some strange words.
Dowan blinks!
The hound bites you.
You shoot a bolt. The bolt hits the hound!
The bolt burns the hound.
The hound is almost dead.
The hound closely misses you. You furiously retaliate!
You headbutt the hound.
You kill the hound!
Duvessa zaps a wand.
The puff of flame hits you. You resist.
You shoot a bolt. The bolt hits Dowan!
The bolt burns Dowan.
You kill Dowan!
Duvessa screams in rage.
Duvessa goes berserk!
Your Fighting skill increases to level 5!
You shoot a bolt.
The bolt hits Duvessa but does no damage.
Duvessa barely misses you.
You shoot a bolt. The bolt hits Duvessa!!
The bolt burns Duvessa.
Duvessa is heavily wounded.
Duvessa hits you with a +0 short sword! Duvessa barely misses you.
You furiously retaliate!
You headbutt Duvessa. Duvessa hits you with a +0 short sword.
You shoot a bolt. The bolt hits Duvessa!
The bolt burns Duvessa.
Duvessa is severely wounded.
Duvessa hits you with a +0 short sword! Duvessa barely misses you.
You furiously retaliate!
You headbutt Duvessa. You shoot a bolt. The bolt closely misses Duvessa.
Duvessa hits you with a +0 short sword! x2
You shoot a bolt. The bolt completely misses Duvessa.
Duvessa hits you with a +0 short sword! x2; Duvessa barely misses you.
3215 ||| READING 5 scrolls of teleportation.
As you read the scroll of teleportation, it crumbles to dust.
You feel strangely unstable. Duvessa hits you with a +0 short sword.
You die...

#..#
#..#######
#...:....#
####...<###...
###......## .
#...[...)# ...
#######..##
#...$
##..#...#
#.@e..#
#..%..#
#######


You could see Duvessa (berserk).

Vanquished Creatures
  Pikel (D:5)
  An ogre (D:4)
  A phantom (D:3)
  2 lemures (D:5)
  A scorpion (D:4)
  Dowan (D:5)
  A howler monkey (D:5)
  2 hounds
  A jelly (D:4)
  2 iguanas
  Ijyb (D:5)
  A gnoll (D:1)
  7 adders
  A dart slug (D:3)
  4 endoplasms
  A giant cockroach (D:2)
  6 goblins
  14 hobgoblins
  13 jackals
  7 quokkas
  8 ball pythons
  5 bats
  3 frilled lizards (D:1)
  9 kobolds
  5 rats
98 creatures vanquished.

Notes
Turn   | Place    | Note
-------+----------+-------------------------------------------
     0 | D:1      | qw the Minotaur Hexslinger began the quest for the Orb.
     0 | D:1      | Reached XP level 1. HP: 16/16 MP: 1/1
     0 | D:1      | 0 ||| qw: Version: 0.3-a-52-g30416fa
     0 | D:1      | 0 ||| qw: Game counter: 4785
     0 | D:1      | 0 ||| qw: Melee chars always use a shield: true
     0 | D:1      | 0 ||| qw: God list: Okawaru
     0 | D:1      | 0 ||| qw: Allow faded altars: false
     0 | D:1      | 0 ||| qw: Do Orc after clearing Dungeon:15 true
     0 | D:1      | 0 ||| qw: Do second Lair branch before Depths: true
     0 | D:1      | 0 ||| qw: Lair rune preference: random
     0 | D:1      | 0 ||| qw: Goals: Normal
     0 | D:1      | 0 ||| PLANNING D:1-11
    12 | D:1      | Reached skill level 3 in Ranged Weapons
    12 | D:1      | Reached XP level 2. HP: 20/23 MP: 2/2
   236 | D:1      | Found a faded altar of an unknown god.
   381 | D:1      | Reached XP level 3. HP: 29/29 MP: 3/3
   747 | D:1      | 747 ||| UPGRADING to ring of protection from cold.
   748 | D:1      | 748 ||| READING scroll labelled JIEPLA RYEDGHU.
   749 | D:1      | 749 ||| READING 2 scrolls labelled RAWEWE FAESCHID.
   750 | D:1      | 750 ||| READING scroll of enchant weapon.
   750 | D:1      | 750 ||| ENCHANTING +2 sling.
   751 | D:1      | 751 ||| READING scroll labelled ANAIKL SODEKKO.
   756 | D:1      | 756 ||| READING scroll labelled GUPACHEIPS.
   757 | D:1      | 757 ||| DROPPING scroll of poison.
   777 | D:2      | Reached skill level 4 in Ranged Weapons
   973 | D:2      | Reached XP level 4. HP: 36/36 MP: 4/4
  1258 | D:2      | Reached skill level 5 in Ranged Weapons
  1532 | D:2      | 1532 ||| UPGRADING to +0 leather armour.
  1542 | D:2      | 1542 ||| DROPPING +0 robe.
  1543 | D:2      | 1543 ||| UPGRADING to scarf of resistance.
  1548 | D:2      | 1548 ||| READING scroll labelled TAAWIU PEKH.
  1549 | D:2      | 1549 ||| DRINKING 2 pink potions.
  1550 | D:2      | 1550 ||| DROPPING potion of attraction.
  1609 | D:3      | Noticed a phantom
  1621 | D:3      | Killed a phantom
  1622 | D:3      | Reached XP level 5. HP: 34/46 MP: 5/5
  1839 | D:3      | Found Zirad's Armour Emporium.
  1850 | D:3      | 1850 ||| BUYING +0 ring mail (44 gold).
  1850 | D:3      | Bought a +0 ring mail for 44 gold pieces
  1850 | D:3      | 1850 ||| SHOPLISTING +2 hat (176 gold, have 37).
  1966 | D:3      | Found a hazy altar of Hepliaklqana.
  2112 | D:3      | 2112 ||| SWAPPING to +0 shortbow.
  2113 | D:3      | 2113 ||| DROPPING +3 sling.
  2127 | D:3      | 2127 ||| UPGRADING to +0 ring mail.
  2137 | D:3      | 2137 ||| DROPPING +0 leather armour.
  2138 | D:3      | 2138 ||| READING scroll labelled AGGEKH XUHE.
  2138 | D:3      | Identified a scroll of acquirement
  2138 | D:3      | 2138 ||| ACQUIRING +0 arbalest of flaming
  2138 | D:3      | Acquired a +0 arbalest of flaming
  2140 | D:3      | 2140 ||| SWAPPING to +0 arbalest of flaming.
  2141 | D:3      | 2141 ||| DROPPING +0 shortbow.
  2142 | D:3      | 2142 ||| DRINKING 2 yellow potions.
  2183 | D:4      | Noticed an ogre
  2185 | D:4      | Killed an ogre
  2186 | D:4      | Reached XP level 6. HP: 52/52 MP: 6/6
  2364 | D:4      | Reached skill level 6 in Ranged Weapons
  2855 | D:4      | 2855 ||| UPGRADING to +0 pair of gloves.
  2871 | D:5      | Entered Level 5 of the Dungeon
  2906 | D:5      | Noticed Pikel
  2915 | D:5      | Killed Pikel
  2916 | D:5      | Reached skill level 9 in Ranged Weapons
  2916 | D:5      | Reached XP level 7. HP: 30/59 MP: 7/7
  3091 | D:5      | Noticed Ijyb
  3094 | D:5      | Killed Ijyb
  3099 | D:5      | Reached XP level 8. HP: 67/67 MP: 8/8
  3202 | D:5      | Noticed Dowan
  3204 | D:5      | Noticed Duvessa
  3209 | D:5      | Killed Dowan
  3214 | D:5      | HP: 12/68 [Duvessa/+0 short sword (7)]
  3214 | D:5      | HP: 5/68 [Duvessa/+0 short sword (7)]
  3215 | D:5      | 3215 ||| READING 5 scrolls of teleportation.
  3215 | D:5      | Slain by Duvessa

Levels and vault maps discovered:
D:1:      spicycebolla_arrival_clurvy, layout_basic,
          ebering_ecumenical_altar_petrified, minmay_bisected
D:2:      layout_loops_ring, chequers_serial_rivers_small_a
D:3:      layout_basic, mainiacjoe_overflow_alcove_1, serial_shops, shop,
          kennysheep_nub
D:4:      layout_loops_cross, kennysheep_path_1
D:5:      layout_layer_cave, minmay_temple_entry_trees, uniq_pikel, uniq_ijyb,
          uniq_duvessa

Skill      XL: |  1  2  3  4  5  6  7  8 |
---------------+-------------------------+-----
Ranged Weapons | 3 4 5 9 |  9.1
Fighting       | 2 4 5 |  5.1
Armour         | 2 |  2.9
Dodging        | |  2.1
Spellcasting   | |  1.0
Hexes          | |  2.0

Action                     |  1- 3 |  4- 6 |  7- 9 || total
---------------------------+-------+-------+-------++-------
   Fire: Sling             |   128 |    68 |       ||   196
         Arbalest          |       |    57 |    25 ||    82
    Use: Scroll            |     5 |     2 |     1 ||     8
         Potion            |       |     2 |       ||     2
 Armour: Robe              |    11 |     2 |       ||    13
         Leather armour    |       |     2 |       ||     2
         Ring mail         |       |     8 |     1 ||     9
  Dodge: Dodged            |    38 |    37 |     9 ||    84

Table legend:
 A = Non-vault XP
 B = Vault XP
 C = Vault XP percentage of total XP
 D = Non-vault monster count
 E = Vault monster count
 F = Vault count percentage of total count
                 A         B        C        D         E       F
            +---------+---------+-------+---------+---------+-------
      Total |     794 |     765 |  49.1 |      90 |       6 |   6.2
            +---------+---------+-------+---------+---------+-------
        D:1 |      52 |       6 |  10.3 |      26 |       3 |  10.3
        D:2 |      86 |       0 |   0.0 |      29 |       0 |   0.0
        D:3 |     142 |       0 |   0.0 |      14 |       0 |   0.0
        D:4 |     365 |       0 |   0.0 |      15 |       0 |   0.0
        D:5 |     149 |     759 |  83.6 |       6 |       3 |  33.3
            +---------+---------+-------+---------+---------+-------
